 Dungeon Crawl Stone Soup version 0.30-a0-358-g0d69a1922f (webtiles) character file.

Game seed: 5719723713930411486

2744 Sweetruy1997 the Cleaver (level 9, 0/78 HPs)
             Began as a Hill Orc Monk on Nov 10, 2022.
             Was a Priest of Beogh.
             Shot with an arrow by a centaur (2 damage)
             ... on level 8 of the Dungeon.
             The game lasted 00:26:06 (8542 turns).

Sweetruy1997 the Cleaver (Hill Orc Monk)            Turns: 8542, Time: 00:26:07

Health: 0/78       AC: 10    Str: 14    XL:     9   Next: 68%
Magic:  9/15       EV: 12    Int: 12    God:    Beogh [***...]
Gold:   303        SH:  4    Dex: 15    Spells: 1/16 levels left

rFire   . . .      SeeInvis +    q - +3 hand axe (elec)
rCold   + . .      Faith    .    B - +0 buckler
rNeg    . . .      Spirit   .    x - +0 steam dragon scales
rPois   .          Reflect  .    (no helmet)
rElec   .          Harm     .    z - +1 cloak {rCorr}
rCorr   +          Rampage  .    j - +2 pair of gloves
Will    .....                    (no boots)
Stlth   ++........               (no amulet)
HPRegen 0.33/turn                h - ring of protection from cold
MPRegen 0.14/turn                n - ring of see invisible

@: lethally poisoned (0 -> -6), very slightly contaminated, slowed, very slow
A: no striking features
a: Renounce Religion, Smiting


You were on level 8 of the Dungeon.
You worshipped Beogh.
Beogh was most pleased with you.
You visited 2 branches of the dungeon, and saw 9 of its levels.
You also visited: Ossuary.

You collected 435 gold pieces.
You spent 132 gold pieces at shops.

Inventory:

Hand Weapons
 q - a +3 hand axe of electrocution (weapon)
Missiles
 k - 6 boomerangs
Armour
 j - a +2 pair of gloves (worn)
 x - +0 steam dragon scales (worn)
 z - a +1 cloak of preservation (worn)
 B - a +0 buckler (worn)
Jewellery
 a - a ring of fire
 h - a ring of protection from cold (left hand)
 n - a ring of see invisible (right hand)
 A - a ring of poison resistance
Wands
 t - a wand of mindburst (6)
Scrolls
 b - a scroll of blinking
 d - a scroll of fear
 g - 5 scrolls of teleportation
 o - 3 scrolls of amnesia
 u - 3 scrolls of poison
 y - a scroll of immolation {unknown}
Potions
 c - 2 potions of ambrosia
 e - a potion of degeneration {unknown}
 f - 2 potions of flight {unknown}
 i - a potion of heal wounds
 l - 3 potions of haste
 m - 3 potions of brilliance
 p - 2 potions of invisibility {unknown}
 r - a potion of might
 s - 4 potions of curing {unknown}
 v - 2 potions of magic {unknown}
 w - 2 potions of berserk rage {unknown}
 C - a potion of cancellation {unknown}


   Skills:
 + Level 6.6 Fighting
 + Level 10.8 Axes
 + Level 0.4 Throwing
 - Level 1.0 Armour
 - Level 3.0 Dodging
 + Level 3.3 Stealth
 + Level 0.4 Shields
 + Level 4.1 Spellcasting
 + Level 3.5 Conjurations
 + Level 2.1 Hexes
 - Level 3.0 Translocations
 + Level 0.4 Fire Magic


You had one spell level left.
You knew the following spells:

 Your Spells              Type           Power      Damage    Failure   Level
a - Momentum Strike       Conj/Tloc      20%        3d8       12%         2
b - Blink                 Tloc           18%        N/A       13%         2
c - Tukima's Dance        Hex            7%         N/A       36%         3
d - Lesser Beckoning      Tloc           18%        N/A       26%         3
e - Portal Projectile     Hex/Tloc       16%        N/A       30%         3
f - Scorch                Fire           6%         2d5       36%         2

Your spell library contained the following spells:

 Spells                   Type           Power      Damage    Failure   Level
 Beastly Appendage        Tmut           4%         N/A       30%         1
 Wereblood                Tmut           2%         N/A       41%         2
 Spider Form              Tmut/Pois      2%         N/A       65%         3
 Flame Wave               Conj/Fire      7%         2d5       78%         4
 Blade Hands              Tmut           1%         N/A       100%        5
 Summon Cactus Giant      Summ           1%         N/A       100%        6


Dungeon Overview and Level Annotations

Branches:
Dungeon (8/15)             Temple (1/1) D:7            Lair (0/5) D:8
Ossuary (visited)

Altars:
Ashenzari
Cheibriados
Dithmenos
Elyvilon
Fedhas
Hepliaklqana
Kikubaaqudgha
Nemelex Xobeh
Okawaru
Qazlal
Ru
Sif Muna
Trog
Uskayaw
Vehumet
Wu Jian
Xom
Yredelemnul

Shops:
D:5 *


Message History

You feel sick.
The hornet stings you but does no damage.
You feel sick.
The centaur shouts!
The hornet stings you!
You feel yourself slow down.
The centaur shoots an arrow.
The arrow hits you!
* * * LOW HITPOINT WARNING * * *
The arrow burns you!
* * * LOW HITPOINT WARNING * * *
The hornet stings you!
* * * LOW HITPOINT WARNING * * *
You are lethally poisoned!
You feel as though you will be slow longer.
The centaur shoots an arrow.
The arrow hits you.
* * * LOW HITPOINT WARNING * * *
The arrow burns you.
* * * LOW HITPOINT WARNING * * *
You can move again.
You feel much better.
You feel very sick.
The hornet stings you but does no damage.
The centaur shoots an arrow.
The arrow barely misses you. The hornet stings you.
* * * LOW HITPOINT WARNING * * *
You feel as though you will be slow longer.
The centaur shoots an arrow.
The arrow hits you!
* * * LOW HITPOINT WARNING * * *
The arrow burns you.
* * * LOW HITPOINT WARNING * * *
Aiming: Smiting
Press: ? - help, Dir - move target, f/p - hornet Smite: a hornet You smite the hornet!
The hornet is moderately wounded.
You can no longer recall your orcish followers.
* * * LOW HITPOINT WARNING * * *
You feel very sick. The hornet barely misses you.
The centaur shoots an arrow.
You block the arrow.
The centaur shoots an arrow.
The arrow hits you.
You die...

******,***,*,***,*****
*,,..,..,,,,,,,,,,,,,,
*,**.*.,**,*,***,****,
*,**.#.,##,*,***,* *,
*,**...,.,,,,,,,,* #>
*,**#.#c#********* *.
#.###.#.# *, #...y...#
** ***##@#### #######
#.....# #.....#
#..##.# #.....#####
#...#.# #..#..))>.#
#.#.#.# #.....###..
#.....# #....(#####
###.#########....#
###.####.........#
#........######..#


You could see a hornet and a centaur.

Vanquished Creatures
  The ghost of DeathPants the Chopper, a novice AtGl of Gozag (D:6)
  Maggie (D:6)
  2 steam dragons (D:7)
  2 water moccasins
  An ice beast (D:6)
  A sky beast (D:7)
  An ogre (D:5)
  A black bear (D:7)
  A centaur (D:7)
  2 phantoms
  A bullfrog (D:6)
  2 scorpions
  7 wights (D:6)
  2 centaur zombies (Ossuary)
  3 hounds
  4 jellies
  Crazy Yiuf (D:6)
  3 human zombies (Ossuary)
  An orc priest (D:8)
  2 gnoll boudas (D:7)
  3 orc wizards
  2 mummies (Ossuary)
  11 gnolls
  11 adders
  2 white imps
  An ufetubus (D:5)
  4 worms
  17 orcs
  5 bats
  6 endoplasms
  4 giant cockroaches
  9 goblins
  3 hobgoblins
  9 jackals
  2 quokkas
  5 ball pythons
  2 frilled lizards (D:1)
  2 goblin zombies
  9 hobgoblin zombies (Ossuary)
  4 jackal zombies (Ossuary)
  5 kobolds
  7 kobold zombies (Ossuary)
  5 orc zombies (Ossuary)
  2 rats
  A rat zombie (D:8)
170 creatures vanquished.

Vanquished Creatures (collateral kills)
  An orc wizard (D:8)
  An orc (D:8)
2 creatures vanquished.

Vanquished Creatures (others)
  A human (D:3)
  A phantom (D:4)
  A hound (D:5)
  A jelly (D:5)
  A gnoll (D:7)
  3 adders
  An ufetubus (D:4)
  6 orcs
  An endoplasm (D:4)
  A hobgoblin (D:4)
  2 quokkas (D:4)
  2 hobgoblin zombies (Ossuary)
  A kobold (D:3)
  A kobold zombie (Ossuary)
  3 orc zombies (Ossuary)
  4 fungi (D:1)
30 creatures vanquished.

Grand Total: 202 creatures vanquished

Notes
Turn   | Place    | Note
-------+----------+-------------------------------------------
     0 | D:1      | Sweetruy1997 the Hill Orc Monk began the quest for the Orb.
     0 | D:1      | Reached XP level 1. HP: 19/19 MP: 1/1
   157 | D:1      | Reached XP level 2. HP: 27/27 MP: 2/2
   497 | D:1      | Found a faded altar of an unknown god.
   644 | D:2      | Reached XP level 3. HP: 19/33 MP: 3/3
   911 | D:2      | Reached XP level 4. HP: 6/41 MP: 4/4
  1093 | D:2      | Reached skill level 1 in Armour
  1292 | D:2      | Reached skill level 5 in Axes
  1647 | D:2      | Learned a level 2 spell: Momentum Strike
  1981 | D:3      | Found an ancient bone altar of Kikubaaqudgha.
  1981 | D:3      | Noticed a human
  1985 | D:3      | Killed a human
  1997 | D:3      | Reached XP level 5. HP: 31/47 MP: 5/5
  2124 | D:3      | Learned a level 2 spell: Blink
  2359 | D:3      | Reached skill level 6 in Axes
  2359 | D:3      | Found an iron altar of Okawaru.
  3037 | D:4      | Found a bloodstained altar of Trog.
  3055 | D:4      | Noticed a phantom
  3067 | D:4      | Killed a phantom
  3175 | D:4      | Became a worshipper of Beogh the Brigand
  3175 | D:4      | Reached * piety under Beogh
  3175 | D:4      | Reached ** piety under Beogh
  3447 | D:4      | Found a broken altar of Ashenzari.
  3536 | D:5      | Entered Level 5 of the Dungeon
  3552 | D:5      | Reached XP level 6. HP: 48/55 MP: 2/7
  3633 | D:5      | Reached skill level 1 in Conjurations
  3669 | D:5      | Reached skill level 1 in Spellcasting
  3891 | D:5      | Reached skill level 1 in Translocations
  4022 | D:5      | Reached skill level 5 in Fighting
  4022 | D:5      | Reached skill level 7 in Axes
  4216 | D:5      | Found Liydoighuu's Serpentskin Sales.
  4216 | D:5      | Noticed a water moccasin
  4227 | D:5      | Killed a water moccasin
  4228 | D:5      | Reached XP level 7. HP: 21/61 MP: 4/9
  4297 | D:5      | Bought a scroll of poison for 44 gold pieces
  4297 | D:5      | Bought a scroll of poison for 44 gold pieces
  4297 | D:5      | Bought a scroll of poison for 44 gold pieces
  4583 | D:6      | Found a large runed translucent door.
  4673 | D:6      | Learned a level 3 spell: Tukima's Dance
  4766 | D:6      | Found a large runed translucent door.
  4769 | D:6      | Noticed DeathPants's ghost (novice AtGl)
  4975 | D:6      | Noticed Maggie
  4993 | D:6      | Killed Maggie
  4994 | D:6      | Reached skill level 8 in Axes
  4994 | D:6      | Reached XP level 8. HP: 36/68 MP: 4/11
  5487 | D:6      | Found a shimmering blue altar of Sif Muna.
  5808 | D:6      | Found a runed translucent door.
  5809 | D:6      | Noticed Crazy Yiuf
  5816 | D:6      | Killed Crazy Yiuf
  5957 | D:6      | Killed DeathPants's ghost
  5958 | D:6      | Reached skill level 9 in Axes
  5958 | D:6      | Reached skill level 1 in Hexes
  5958 | D:6      | Reached XP level 9. HP: 45/75 MP: 10/13
  5962 | D:6      | Learned a level 3 spell: Lesser Beckoning
  6190 | D:7      | Reached skill level 10 in Axes
  6266 | D:7      | Found a shimmering altar of Xom.
  6646 | D:7      | Found a staircase to the Ecumenical Temple.
  6651 | Temple   | Entered the Ecumenical Temple
  7208 | D:7      | Learned a level 3 spell: Portal Projectile
  7211 | D:7      | Learned a level 2 spell: Scorch
  7871 | D:8      | Reached *** piety under Beogh
  7900 | D:8      | Found a sand-covered staircase.
  7908 | Ossuary  | Entered an ossuary
  8401 | Ossuary  | Reached **** piety under Beogh
  8498 | D:8      | Identified the +4 sling of Qajabb {speed, Str+6}
  8530 | D:8      | Noticed a hornet
  8538 | D:8      | Paralysed by a hornet for 3 turns
  8540 | D:8      | HP: 3/78 [centaur/arrow (1)]
  8542 | D:8      | Shot with an arrow by a centaur

Illustrated notes

Levels and vault maps discovered:
D:1:      minmay_arrival_semitransparent, layout_rooms,
          ebering_ecumenical_altar_box, dreamdust_mushroom_princess,
          ebering_dispersal_statue_hall
D:2:      layout_loops_cross
D:3:      layout_rooms, tgw_kikubaaqudgha, okawaru_altar_gauntlet_db
D:4:      layout_basic, nicolae_ashenzari_panopticon,
          mainiacjoe_overflow_surrounded_room
D:5:      layout_rooms, st_stairs_14, guppyfry_shop_venom
D:6:      layout_basic, nicolae_sif_muna_condensation,
          ebering_ghost_disaster_area, uniq_maggie, uniq_crazy_yiuf_cottage
D:7:      layout_gridville, lemuel_crystal_altar, temple_doors_e
D:8:      layout_loops_cross, kennysheep_mini, lair_entry_dummy, enter_ossuary_4
Temple:   minmay_temple_forest_path

Skill      XL: |  1  2  3  4  5  6  7  8  9 |
---------------+----------------------------+-----
Fighting       | 4 5 6 |  6.6
Armour         | 1 |  1.0
Dodging        | 3 |  3.0
Axes           | 5 6 7 8 9 10 | 10.8
Stealth        | 2 3 |  3.3
Conjurations   | 1 2 3 |  3.5
Spellcasting   | 1 2 3 4 |  4.1
Translocations | 1 2 3 |  3.0
Hexes          | 1 2 |  2.1
Throwing       | |  0.4
Shields        | |  0.4
Fire Magic     | |  0.4

Action                   |  1- 3 |  4- 6 |  7- 9 || total
-------------------------+-------+-------+-------++-------
Melee: Hand axe          |   107 |   210 |   275 ||   592
       Punch             |     2 |     5 |     2 ||     9
Throw: Boomerang         |       |       |     7 ||     7
 Cast: Momentum Strike   |       |    25 |    28 ||    53
       Tukima's Dance    |       |       |     6 ||     6
       Portal Projectile |       |       |     5 ||     5
       Scorch            |       |       |     4 ||     4
       Blink             |       |       |     2 ||     2
       Lesser Beckoning  |       |       |     2 ||     2
Invok: Convert to Beogh  |       |     1 |       ||     1
       Smiting           |       |       |     1 ||     1
  Use: Scroll            |     2 |    10 |     6 ||    18
       Potion            |       |       |     5 ||     5
 Stab: Sleeping          |       |     2 |     1 ||     3
Armor: Robe              |     6 |       |       ||     6
       Leather armour    |    24 |    69 |     6 ||    99
       Ring mail         |     3 |       |       ||     3
       Steam dragon scal |       |       |    84 ||    84
Dodge: Dodged            |    73 |   150 |   142 ||   365
Block: Buckler           |       |       |    22 ||    22

Table legend: (Time is in decaauts)
 A = Elapsed time spent in this place.
 B = Non-inter-level travel time spent in this place.
 C = Inter-level travel time spent in this place.
 D = Time resting spent in this place.
 E = Time spent auto-exploring this place.
 F = Levels seen in this place.
 G = Mean time per level.
                   A        B        C        D        E       F      G
               +--------+--------+--------+--------+--------+-----+--------+
         Total |   8501 |   8195 |    306 |    510 |   6128 |  10 |  850.1 |
       Dungeon |   7577 |   7322 |    255 |    510 |   5424 |   8 |  947.1 |
        Temple |    384 |    333 |     51 |      0 |    321 |   1 |  384.0 |
       Ossuary |    539 |    539 |      0 |      0 |    383 |   1 |  539.0 |
               +--------+--------+--------+--------+--------+-----+--------+

Top non-repeatable levels by time:
     D:6: 1548 daAuts
     D:7: 1151 daAuts
     D:2: 1145 daAuts
     D:5: 1037 daAuts
     D:4: 955 daAuts
     D:3: 820 daAuts
     D:1: 628 daAuts
 Ossuary: 539 daAuts
  Temple: 384 daAuts
     D:8: 291 daAuts
